 Dungeon Crawl Stone Soup version 0.19.0-19-g8c6edcc (webtiles) character file.

1302 dvd the Digger (level 8, -2/71 HPs)
             Began as a Troll Earth Elementalist on Nov 13, 2016.
             Was an Initiate of Ashenzari.
             Slain by Grinder (8 damage)
             ... while paralysed by Grinder
             ... on level 6 of the Dungeon.
             The game lasted 00:18:16 (5833 turns).

dvd the Digger (Troll Earth Elementalist)           Turns: 5833, Time: 00:18:17

Health: -2/71      AC: -3    Str: 17    XL:     8   Next: 31%
Magic:  0/12       EV:  1    Int: 13    God:    Ashenzari [......]
Gold:   317        SH:  0    Dex: 10    Spells: 2 memorised, 9 levels left

rFire  . . .     SeeInvis .     x - 65 stones
rCold  . . .     Gourm    +     c - +0 robe
rNeg   . . .     Faith    .     (no shield)
rPois  .         Spirit   +     (helmet restricted)
rElec  .         Reflect  .     (no cloak)
rCorr  .         Harm     .     (gloves unavailable)
MR     .....                    (boots unavailable)
Stlth  +.........               B - amulet of guardian spirit
                                (no ring)
                                (no ring)

@: paralysed, corroded
A: unfitting armour, claws 3, fast metabolism 3, gourmand, regeneration 1,
shaggy fur 1, tough skin 2
a: Curse Item, Renounce Religion


You were on level 6 of the Dungeon.
You worshipped Ashenzari.
Ashenzari was noncommittal.
You were full.

You visited 2 branches of the dungeon, and saw 7 of its levels.
You also visited: Sewer.

You collected 317 gold pieces.

Inventory:

Hand Weapons
 y - a +0 mace
Missiles
 v - 2 tomahawks (quivered)
 x - 65 stones (in claw)
Armour
 c - a +0 robe (worn)
Magical Staves
 u - an uncursed staff of summoning
Jewellery
 B - an amulet of guardian spirit (around neck)
Wands
 t - a wand of digging (12/24)
 C - a wand of lightning (4/15)
Scrolls
 b - a scroll of blinking {unknown}
 g - a scroll of enchant armour {unknown}
 j - 4 scrolls of identify {unknown}
 k - 2 scrolls of fog {unknown}
 l - a scroll of remove curse
 m - 5 scrolls of teleportation {unknown}
 n - 2 scrolls of enchant weapon {unknown}
 p - a scroll of magic mapping {unknown}
 r - a scroll of recharging {unknown}
 E - a scroll of summoning {unknown}
 F - a scroll of amnesia {unknown}
Potions
 a - a potion of cancellation {unknown}
 h - a potion of might {unknown}
 i - 3 potions of curing {unknown}
 o - a potion of haste {unknown}
 q - a potion of agility {unknown}
 w - a potion of berserk rage {unknown}
 z - a potion of magic
Books
 e - a book of Geomancy

   Spells                             Type                      Level
   a - Sandblast                      Earth                        1
   b - Passwall                       Transmutation/Earth          2
   c - Stone Arrow                    Conjuration/Earth            3
   d - Petrify                        Transmutation/Earth          4
   e - Lee's Rapid Deconstruction     Earth                        5
Comestibles
 d - 9 bread rations
 f - 4 fruits
 s - a beef jerky
 A - a slice of pizza


   Skills:
 + Level 1.7 Fighting
 + Level 3.2 Dodging
 + Level 1.2 Stealth
 + Level 3.9 Unarmed Combat
 + Level 3.4 Spellcasting
 + Level 1.1 Conjurations
   Level 0.6 Transmutations
 + Level 5.9 Earth Magic


You had 9 spell levels left.
You knew the following spells:

 Your Spells              Type           Power        Failure   Level  Hunger
a - Sandblast             Erth           ###...       1%          1    #......
b - Stone Arrow           Conj/Erth      ##....       17%         3    ###....


Dungeon Overview and Level Annotations

Branches:
Dungeon (6/15)             Temple (1/1) D:5

Altars:
Ashenzari
Cheibriados
Dithmenos
Elyvilon
Fedhas
Gozag
Hepliaklqana
Makhleb
Nemelex Xobeh
Okawaru
Qazlal
Ru
Sif Muna
Trog
Uskayaw
Vehumet
Xom
Yredelemnul
The Shining One

Annotations:
D:6 Grinder


Innate Abilities, Weirdness & Mutations

You are too large for most types of armour.
You have claws for hands.
Your metabolism is lightning-fast.
You like to eat raw meat.
Your natural rate of healing is unusually fast.
You are covered in fur. (AC +1)
You have very tough skin. (AC +2)


Message History

The jelly is heavily wounded.
The jelly hits you but does no damage. Grinder gestures at you.
You suddenly lose the ability to move!
The jelly hits you. The acid corrodes you!
You are splashed with acid!
The acid burns!
Grinder blinks!
The jelly hits you.
You are splashed with acid!
The acid burns!
The jelly hits you.
You are splashed with acid!
The acid burns!
The jelly hits you.
You are splashed with acid!
The acid burns!
The jelly hits you. The acid corrodes you!
You are splashed with acid!
The acid burns!
* * * LOW HITPOINT WARNING * * *
Grinder hits you.
* * * LOW HITPOINT WARNING * * *
The jelly hits you.
* * * LOW HITPOINT WARNING * * *
You are splashed with acid!
The acid burns!
* * * LOW HITPOINT WARNING * * *
Grinder hits you!
You die...

..#####.........##
##...###...######
#..####........#
#### #...####.....
. ##..## ### ..#
##....## ....#
##......##
#....#..(...?.#
#.%@5......#
#...##.J......#
..[. #..#.....#
... ##.#.....#
#..#....#
##.#....# ..#...#
..#


You could see Grinder and a jelly.

Vanquished Creatures
  A hippogriff (D:5)
  A phantom (D:4)
  A centaur (D:4)
  3 bullfrogs
  A howler monkey (D:4)
  2 hounds (D:4)
  2 jellies
  An orc priest (D:4)
  2 centaur skeletons
  3 orc wizards
  Ijyb (D:2)
  Natasha (thrice) (D:3)
  2 worker ants (D:4)
  11 adders
  6 oozes
  An adder skeleton (D:5)
  2 worms
  5 dart slugs
  20 leopard geckos
  12 orcs
  17 ball pythons
  2 bats
  16 giant cockroaches
  3 hobgoblins
  4 jackals
  10 kobolds
  2 quokkas (D:4)
  18 frilled lizards
  11 goblins
  A jackal zombie (D:5)
  4 rats
168 creatures vanquished.

Notes
Turn   | Place    | Note
-------+----------+-------------------------------------------
     0 | D:1      | dvd the Troll Earth Elementalist began the quest for the Orb.
     0 | D:1      | Reached XP level 1. HP: 16/16 MP: 1/1
   169 | D:1      | Reached skill level 3 in Earth Magic
   321 | D:1      | Reached XP level 2. HP: 24/24 MP: 3/3
   979 | D:2      | Reached XP level 3. HP: 28/31 MP: 4/4
   987 | D:2      | Reached skill level 1 in Unarmed Combat
  1126 | D:2      | Noticed Ijyb
  1145 | D:2      | Killed Ijyb
  1207 | D:2      | Reached XP level 4. HP: 36/39 MP: 3/5
  1334 | D:2      | Learned a level 3 spell: Stone Arrow
  1998 | D:3      | Noticed Natasha
  2005 | D:3      | Killed Natasha
  2005 | D:3      | Reached skill level 4 in Earth Magic
  2005 | D:3      | Reached XP level 5. HP: 46/46 MP: 3/6
  2107 | D:3      | Noticed Natasha
  2147 | D:3      | Killed Natasha
  2532 | D:3      | Noticed Natasha
  2536 | D:3      | Killed Natasha
  2580 | D:4      | Reached XP level 6. HP: 54/54 MP: 3/8
  2870 | D:4      | Found a glowing drain.
  2976 | Sewer    | Entered a sewer
  3729 | Sewer    | Reached skill level 1 in Fighting
  3729 | Sewer    | Reached skill level 5 in Earth Magic
  3729 | Sewer    | Reached XP level 7. HP: 30/62 MP: 2/10
  4228 | D:4      | Found a hide-covered altar of Uskayaw.
  4232 | D:4      | Found a glowing golden altar of the Shining One.
  4233 | D:4      | Found a shadowy altar of Dithmenos.
  4233 | D:4      | Found a snail-covered altar of Cheibriados.
  4233 | D:4      | Found a shattered altar of Ashenzari.
  4252 | D:4      | Became a worshipper of Ashenzari the Shackled
  4853 | D:5      | Entered Level 5 of the Dungeon
  4873 | D:5      | Found a staircase to the Ecumenical Temple.
  4882 | Temple   | Entered the Ecumenical Temple
  5038 | D:5      | Reached XP level 8. HP: 63/70 MP: 9/11
  5381 | D:5      | Noticed a hippogriff
  5412 | D:5      | Killed a hippogriff
  5412 | D:5      | Reached skill level 1 in Conjurations
  5732 | D:6      | Found a sacrificial altar of Ru.
  5823 | D:6      | Noticed Grinder
  5827 | D:6      | Paralysed by Grinder for 7 turns
  5833 | D:6      | Slain by Grinder

Skill      XL: |  1  2  3  4  5  6  7  8 |
---------------+-------------------------+-----
Earth Magic    | 3 4 5 |  5.9
Unarmed Combat | 1 2 3 |  3.9
Dodging        | 2 3 |  3.2
Spellcasting   | 2 3 |  3.4
Fighting       | 1 |  1.7
Conjurations   | 1 |  1.1
Stealth        | |  1.2
Transmutations | |  0.6

Action                   |  1- 3 |  4- 6 |  7- 9 || total
-------------------------+-------+-------+-------++-------
Melee: Unarmed           |    88 |   177 |   100 ||   365
 Cast: Sandblast         |    29 |   113 |    19 ||   161
       Stone Arrow       |       |     3 |    15 ||    18
  Use: Potion            |       |       |     2 ||     2
 Stab: Sleeping          |     2 |     1 |       ||     3
       Paralysed         |       |       |     1 ||     1
  Eat: Chunk             |     8 |    31 |    19 ||    58
       Meat ration       |       |     1 |       ||     1
Armor: Robe              |    30 |   107 |    28 ||   165
Dodge: Dodged            |    38 |   189 |    58 ||   285
